 Dungeon Crawl Stone Soup version 0.31.0-1-g2c135a008e (webtiles) character file.

Game seed: 5383953118199857922

373 qw the Shooter (level 7, -3/53 HPs)
             Began as a Djinni Hunter on Jan 24, 2024.
             Killed from afar by a white imp (9 damage)
             ... with a puff of frost
             ... summoned by Eustachio
             ... on level 4 of the Dungeon.
             The game lasted 00:00:15 (2844 turns).

qw the Shooter (Djinni Hunter)                      Turns: 2844, Time: 00:00:16

Health: -3/53      AC:  8    Str: 10      XL:     7   Next: 3%
Gold:   122        EV: 11    Int: 10      God:
                   SH:  0    Dex: 17 (19)

rFire   + + +        a - +0 shortbow
rCold   . . .        (shield currently unavailable)
rNeg    . . .        h - +0 ring mail
rPois   inf          d - +0 helmet
rElec   .            i - +1 cloak
rCorr   .            (no gloves)
SInv    .            (boots unavailable)
Will    .....        (no amulet)
Stlth   +            g - ring of protection from fire
HPRegen 0.28/turn    j - ring of protection from cold
MPRegen 0.00/turn

%: clarity, infuse magic (-4 HP)
@: flying
A: sickness immunity, fire resistance 2, cold vulnerability 1, float, innate
caster, HP casting, extra vitality 1, clarity
a: no special abilities


You were on level 4 of the Dungeon.
You visited 2 branches of the dungeon, and saw 5 of its levels.

You collected 279 gold pieces.
You spent 157 gold pieces at shops.


Innate Abilities, Weirdness & Mutations

You are immune to sickness and miasma.
You are immune to poison.
Your flesh is very heat resistant. (rF++)
You are vulnerable to cold. (rC-)
You float through the air rather than walking.
You learn spells naturally, not from books.
Your magical power is your life essence.
You have superior vitality. (+4 MHP)
You possess an exceptional clarity of mind.


   Skills:
 - Level 4.6 Fighting
 + Level 5.0 Ranged Weapons
 - Level 1.0 Armour
 - Level 3.1 Dodging
 - Level 0.7 Stealth


You knew the following spells:

 Your Spells              Type           Power      Damage    Failure   Level
a - Kiss of Death         Conj/Necr      0%         2d5       67%         1
b - Scorch                Fire           0%         2d5       82%         2
c - Static Discharge      Conj/Air       0%         3-3/arc   82%         2
Your spell library was empty.

Inventory:

Hand Weapons
 a - a +0 shortbow (weapon)
Armour
 d - a +0 helmet (worn)
 h - a +0 ring mail (worn)
 i - a +1 cloak (worn)
Jewellery
 g - a ring of protection from fire (left hand)
 j - a ring of protection from cold (right hand)
Wands
 f - a wand of flame (9)
Potions
 b - a potion of cancellation
 c - a potion of enlightenment {unknown}
 e - a potion of attraction {unknown}
 k - a potion of curing
 m - a potion of berserk rage {unknown}

Dungeon Overview and Level Annotations

Branches:
Dungeon (4/15)             Temple (1/1) D:4

Altars:
Ashenzari
Cheibriados
Dithmenos
Elyvilon
Fedhas
Gozag
Hepliaklqana
Makhleb
Nemelex Xobeh
Ru
Trog
Wu Jian
Xom
Yredelemnul
Zin

Shops:
D:3 [

Annotations:
D:1 1 transporter
D:4 Eustachio


Message History

The arrow closely misses the white imp.
The bat hits you but does no damage. x2; The bat barely misses you.
The bat completely misses you. The white imp gestures at you.
The puff of frost hits you.
You shoot an arrow. The arrow closely misses the white imp.
The bat barely misses you. The bat hits you.
The bat hits you but does no damage. The bat barely misses you.
The bat closely misses you. The white imp barely misses you.
The bat hits you but does no damage. The bat barely misses you.
The white imp hits you. The white imp freezes you.
You shoot an arrow.
The arrow hits the white imp but does no damage.
The white imp is lightly wounded.
The bat closely misses you. The bat barely misses you.
The bat closely misses you. The bat barely misses you.
The white imp gestures at you. The puff of frost hits you.
You shoot an arrow. The arrow hits the white imp.
The white imp is heavily wounded.
The bat closely misses you. The bat hits you but does no damage.
The bat closely misses you. The bat hits you but does no damage.
The white imp gestures at you. The puff of frost misses you.
The puff of frost hits the bat!
The bat dies!
The bat's corpse disappears in a puff of smoke!
The bat barely misses you.
Enter note:
Enter note:
2843 ||| RETREEEEATING.
The white imp gestures at you. The puff of frost hits you!
The bat hits you but does no damage.
Enter note:
Enter note:
2844 ||| RETREEEEATING.
The bat attacks as it pursues you! The bat hits you but does no damage.
The bat closely misses you. The white imp gestures at you.
The puff of frost hits you!
You die...

####.# #..#.. # #....# +...#.
##. #.!..# ###...## ...##^...#
####......# ...#....#
#.......... #......#
#........#. ..##.....#
###.###...#
.........#############..##....#
#.............@b.5..#..###..).#
#.....#########.###........%.##
#.... ####5##..######.#.## ....
#..@r5..)..# ###..# #..
#..r..)....# ##.. #.
#..........# ### # #..........#
#..........# #.........>#


You could see 2 white imps, a shadow imp (summoned), a quokka (summoned) and a
bat (summoned).

Vanquished Creatures
  Sigmund (D:4)
  A bombardier beetle (D:3)
  A sleepcap (D:4)
  Robin (D:2)
  4 gnolls (D:3)
  6 dart slugs
  2 ribbon worms
  3 orcs (D:3)
  7 bats
  9 endoplasms
  3 giant cockroaches
  16 goblins
  11 hobgoblins
  3 jackals
  2 quokkas
  2 ball pythons
  5 frilled lizards
  11 kobolds
  2 rats
90 creatures vanquished.

Notes
Turn   | Place    | Note
-------+----------+-------------------------------------------
     0 | D:1      | qw the Djinni Hunter began the quest for the Orb.
     0 | D:1      | Reached XP level 1. HP: 18/18 MP: 0/0
     0 | D:1      | 0 ||| qw: Version: 0.3-a-136-gdd3b4e8
     0 | D:1      | 0 ||| qw: Game counter: 1210
     0 | D:1      | 0 ||| qw: Melee chars always use a shield: true
     0 | D:1      | 0 ||| qw: God list: Okawaru
     0 | D:1      | 0 ||| qw: Allow faded altars: false
     0 | D:1      | 0 ||| qw: Do Orc after clearing Dungeon:15 true
     0 | D:1      | 0 ||| qw: Do second Lair branch before Depths: true
     0 | D:1      | 0 ||| qw: Lair rune preference: random
     0 | D:1      | 0 ||| qw: Goals: Normal
     0 | D:1      | 0 ||| PLANNING D:1-11
   112 | D:1      | Found a faded altar of an unknown god.
   116 | D:1      | 116 ||| READING scroll labelled VEZYFUXEHAG.
   206 | D:1      | Reached XP level 2. HP: 23/23 MP: 0/0
   339 | D:1      | Reached skill level 4 in Ranged Weapons
   339 | D:1      | Reached XP level 3. HP: 28/28 MP: 0/0
   339 | D:1      | Learned a level 1 spell: Kiss of Death
   576 | D:1      | 576 ||| UPGRADING to +0 ring mail.
   586 | D:1      | 586 ||| DROPPING +0 leather armour.
   587 | D:1      | 587 ||| UPGRADING to ring of protection from fire.
   588 | D:1      | 588 ||| READING 5 scrolls labelled OGEL CYNEPSA.
   640 | D:1      | 640 ||| READING scroll labelled YSTUIWETEV.
   641 | D:1      | 641 ||| READING scroll labelled UFUXUGYHIE.
   641 | D:1      | 641 ||| IDENTIFYING smoky black potion
   642 | D:1      | 642 ||| DRINKING 2 blue potions.
   643 | D:1      | 643 ||| DROPPING scroll of butterflies.
   644 | D:1      | 644 ||| DROPPING 4 scrolls of torment.
   645 | D:1      | 645 ||| DROPPING potion of degeneration.
   837 | D:2      | Reached skill level 1 in Armour
   879 | D:2      | Noticed Robin
   880 | D:2      | 880 ||| RETREEEEATING.
   890 | D:2      | Reached XP level 4. HP: 31/34 MP: 0/0
   902 | D:2      | HP: 8/34 [goblin/+0 dagger[Robin] (2)]
   903 | D:2      | 903 ||| DRINKING potion of heal wounds.
   921 | D:2      | Killed Robin
   922 | D:2      | Reached skill level 3 in Fighting
  1335 | D:2      | 1335 ||| UPGRADING to +0 helmet.
  1340 | D:2      | 1340 ||| READING scroll labelled GIBIOT UNOAS.
  1441 | D:2      | 1441 ||| READING scroll labelled UNUGGOIDGHI.
  1444 | D:2      | 1444 ||| DRINKING 2 smoky red potions.
  1445 | D:2      | 1445 ||| DROPPING potion of brilliance.
  1559 | D:3      | Reached XP level 5. HP: 40/40 MP: 0/0
  1559 | D:3      | Learned a level 2 spell: Scorch
  1597 | D:3      | HP: 7/40 [ribbon worm (5)]
  1597 | D:3      | HP: 3/40 [ribbon worm (4)]
  1598 | D:3      | 1598 ||| DRINKING potion of heal wounds.
  1752 | D:3      | Found an opulent altar of Gozag.
  1756 | D:3      | Reached skill level 5 in Ranged Weapons
  2396 | D:3      | Found Sunohip's Antique Armour Shoppe.
  2400 | D:3      | 2400 ||| BUYING embroidered cloak (157 gold).
  2400 | D:3      | Bought an embroidered cloak for 157 gold pieces
  2400 | D:3      | 2400 ||| SHOPLISTING masterwork leather armour (147 gold,
                  | have 88).
  2400 | D:3      | 2400 ||| SHOPLISTING runed ring mail (147 gold, have 88).
  2427 | D:3      | 2427 ||| UPGRADING to +1 cloak.
  2432 | D:3      | 2432 ||| READING scroll of identify.
  2432 | D:3      | 2432 ||| IDENTIFYING inky potion
  2433 | D:3      | 2433 ||| DRINKING 2 lumpy blue potions.
  2453 | D:3      | 2453 ||| DRINKING 2 bubbling puce potions.
  2453 | D:3      | Gained mutation: Your spells are a little harder to cast,
                  | but a little more powerful. [potion of mutation]
  2453 | D:3      | Gained mutation: You are partially covered in iridescent
                  | scales. (AC +2) [potion of mutation]
  2454 | D:3      | 2454 ||| DRINKING potion of mutation.
  2454 | D:3      | Lost mutation: You are partially covered in iridescent
                  | scales. (AC +2) [potion of mutation]
  2454 | D:3      | Lost mutation: Your spells are a little harder to cast, but
                  | a little more powerful. [potion of mutation]
  2454 | D:3      | Gained mutation: You possess an exceptional clarity of
                  | mind. [potion of mutation]
  2455 | D:3      | 2455 ||| DRINKING 2 black potions.
  2456 | D:3      | 2456 ||| DROPPING potion of lignification.
  2563 | D:4      | Reached XP level 6. HP: 46/46 MP: 0/0
  2600 | D:4      | Found a staircase to the Ecumenical Temple.
  2601 | D:4      | 2601 ||| PLANNING TEMPLE
  2601 | D:4      | 2601 ||| UPGRADING to ring of protection from cold.
  2608 | Temple   | Entered the Ecumenical Temple
  2609 | Temple   | 2609 ||| PLANNING D:1-11
  2677 | D:4      | Noticed Sigmund
  2686 | D:4      | Reached skill level 3 in Dodging
  2697 | D:4      | Killed Sigmund
  2698 | D:4      | Reached XP level 7. HP: 31/53 MP: 0/0
  2698 | D:4      | Learned a level 2 spell: Static Discharge
  2789 | D:4      | Noticed Eustachio
  2790 | D:4      | 2790 ||| ZAPPING wand of flame (18) at -6,1 (Eustachio;
                  | floor).
  2791 | D:4      | 2791 ||| ZAPPING wand of flame (17) at -5,0 (Eustachio;
                  | floor).
  2795 | D:4      | 2795 ||| ZAPPING wand of flame (16) at -4,3 (Eustachio;
                  | floor).
  2796 | D:4      | 2796 ||| ZAPPING wand of flame (15) at -3,2 (Eustachio;
                  | floor).
  2797 | D:4      | 2797 ||| RETREEEEATING.
  2799 | D:4      | 2799 ||| ZAPPING wand of flame (14) at -3,2 (Eustachio;
                  | floor).
  2801 | D:4      | 2801 ||| RETREEEEATING.
  2802 | D:4      | 2802 ||| RETREEEEATING.
  2826 | D:4      | 2826 ||| FLEEEEING.
  2827 | D:4      | 2827 ||| FLEEEEING.
  2828 | D:4      | 2828 ||| FLEEEEING.
  2829 | D:4      | 2829 ||| FLEEEEING.
  2830 | D:4      | 2830 ||| FLEEEEING.
  2831 | D:4      | 2831 ||| FLEEEEING.
  2834 | D:4      | 2834 ||| ZAPPING wand of flame (13) at -1,1 (Eustachio;
                  | floor).
  2835 | D:4      | 2835 ||| ZAPPING wand of flame (12) at -1,1 (Eustachio;
                  | floor).
  2836 | D:4      | 2836 ||| ZAPPING wand of flame (11) at -1,1 (Eustachio;
                  | floor).
  2837 | D:4      | 2837 ||| ZAPPING wand of flame (10) at -1,1 (Eustachio;
                  | floor).
  2838 | D:4      | 2838 ||| RETREEEEATING.
  2839 | D:4      | 2839 ||| RETREEEEATING.
  2841 | D:4      | HP: 12/53 [white imp/puff of frost[Eustachio] (3)]
  2843 | D:4      | 2843 ||| RETREEEEATING.
  2843 | D:4      | HP: 5/53 [white imp/puff of frost[Eustachio] (7)]
  2844 | D:4      | 2844 ||| RETREEEEATING.
  2844 | D:4      | Killed from afar by a white imp

Levels and vault maps discovered:
D:1:      spicycebolla_arrival_risky_transporter, layout_rooms,
          shapermc_ecumenical_altar_gd, minmay_distorted
D:2:      layout_basic, uniq_robin
D:3:      layout_basic, nicolae_gozag_seed_capital, serial_shops,
          nicolae_shop_back_alley_shop
D:4:      minmay_chambers_of_twos, layout_rooms,
          nicolae_qazlal_eye_of_the_storm, minmay_temple_entry_wispy,
          minivault_27, uniq_grinder, uniq_menkaure, uniq_sigmund,
          uniq_eustachio
Temple:   minmay_crystal_spiral_temple

Skill      XL: |  1  2  3  4  5  6 |
---------------+-------------------+-----
Ranged Weapons | 4 5 |  5.0
Armour         | 1 |  1.0
Fighting       | 3 4 |  4.6
Dodging        | 3 |  3.1
Stealth        | |  0.7

Action                     |  1- 3 |  4- 6 |  7- 9 || total
---------------------------+-------+-------+-------++-------
   Fire: Shortbow          |   100 |   176 |    32 ||   308
  Evoke: Wand              |       |       |     9 ||     9
    Use: Scroll            |     4 |     3 |       ||     7
         Potion            |     1 |     7 |       ||     8
 Armour: Leather armour    |     5 |       |       ||     5
         Ring mail         |    30 |    93 |    50 ||   173
  Dodge: Dodged            |    26 |    52 |    47 ||   125

Table legend:
 A = Non-vault XP
 B = Vault XP
 C = Vault XP percentage of total XP
 D = Non-vault monster count
 E = Vault monster count
 F = Vault count percentage of total count
                 A         B        C        D         E       F
            +---------+---------+-------+---------+---------+-------
      Total |     280 |     254 |  47.6 |      74 |      16 |  17.8
            +---------+---------+-------+---------+---------+-------
        D:1 |      36 |       5 |  12.2 |      20 |       3 |  13.0
        D:2 |      42 |      35 |  45.5 |      22 |      12 |  35.3
        D:3 |     145 |       0 |   0.0 |      22 |       0 |   0.0
        D:4 |      57 |     214 |  79.0 |      10 |       1 |   9.1
            +---------+---------+-------+---------+---------+-------
